 Dungeon Crawl Stone Soup version 0.31.0-12-g77e489cdc1 (webtiles) character file.

Game seed: 2715153672570699409

6972 CrazyMind the Thaumaturge (level 10, -5/50 HPs)
             Began as a Deep Elf Earth Elementalist on Mar 4, 2024.
             Was an Initiate of Gozag.
             Shot with an arrow by a centaur warrior (16 damage)
             ... on level 8 of the Dungeon on Mar 7, 2024.
             The game lasted 01:00:20 (10854 turns).

CrazyMind the Thaumaturge (DEEE)                   Turns: 10854, Time: 01:00:21

Health: -5/50      AC:  6    Str:  5    XL:     10   Next: 81%
Magic:  22/29      EV: 13    Int: 25    God:    Gozag
Gold:   431        SH:  5    Dex: 15    Spells: 14/36 levels left

rFire   . . .        G - +1 dagger (elec)
rCold   . . .        (no shield)
rNeg    . . .        a - +0 robe
rPois   +            O - +1 helmet
rElec   .            (no cloak)
rCorr   .            y - +1 pair of gloves {hurl}
SInv    .            (no boots)
Will    +....        E - amulet of reflection
Stlth   +++          o - ring of poison resistance
HPRegen 0.28/turn    (no ring)
MPRegen 0.21/turn

%: reflection
@: spiked, unable to call your familiar
A: no striking features
a: Renounce Religion, Potion Petition, Call Merchant, Bribe Branch


You were on level 8 of the Dungeon.
You worshipped Gozag.
Gozag was aware of your devotion.
You visited 2 branches of the dungeon, and saw 9 of its levels.
You also visited: Sewer.

You collected 892 gold pieces.
You paid 461 gold pieces to Gozag.

Inventory:

Hand Weapons
 b - a +0 dagger
 C - a +2 short sword of speed
 F - a +0 rapier
 G - a +1 dagger of electrocution (weapon)
 H - the +4 dagger "Woxiqy" {venom, rC- rN++}
   (You took it off an orc on level 5 of the Dungeon)

   rC-:       It makes you vulnerable to cold.
   rN++:      It greatly protects you from negative energy.
 M - a +0 dagger of venom
Missiles
 g - a throwing net
 N - 3 boomerangs (quivered)
Armour
 a - a +0 robe (worn)
 y - a +1 pair of gloves of hurling (worn)
 O - a +1 helmet (worn)
Jewellery
 o - a ring of poison resistance (left hand)
 E - an amulet of reflection (around neck)
 I - an amulet of guardian spirit
 K - a ring of fire
Wands
 m - a wand of paralysis (5)
Scrolls
 c - 2 scrolls of silence
 d - a scroll of fog {unknown}
 e - 3 scrolls of vulnerability
 j - a scroll of revelation {unknown}
 k - 4 scrolls of immolation
 l - 3 scrolls of torment
 p - 2 scrolls of amnesia {unknown}
 q - a scroll of summoning {unknown}
 r - 3 scrolls of enchant armour
 s - 2 scrolls of poison {unknown}
 x - a scroll of enchant weapon {unknown}
 z - 6 scrolls of teleportation
 A - 3 scrolls of noise
 D - a scroll of fear {unknown}
Potions
 f - a potion of magic
 h - 6 potions of might
 i - 3 potions of curing
 n - 3 potions of attraction
 t - 4 potions of haste
 u - 3 potions of lignification
 w - 4 potions of enlightenment
 B - 3 potions of mutation
 J - a potion of brilliance {unknown}
 L - a potion of berserk rage {unknown}


   Skills:
 + Level 0.2 Fighting
 + Level 1.1 Short Blades
 + Level 0.5 Throwing
 + Level 3.1 Dodging
 + Level 5.2 Stealth
 + Level 1.0 Shields
 * Level 13.6 Spellcasting
 - Level 7.3 Conjurations
 * Level 1.5 Summonings
 + Level 3.2 Translocations
 - Level 10.9 Earth Magic
 + Level 0.4 Evocations


You had 14 spell levels left.
You knew the following spells:

 Your Spells              Type           Power      Damage    Failure   Level
a - Sandblast             Erth           100%       2d20      1%          1
b - Passwall              Erth           64%        N/A       1%          3
c - Stone Arrow           Conj/Erth      100%       3d13      1%          3
d - Brom's Barrelling Bo  Conj/Erth      58%        2d7       1%          4
e - Petrify               Alch/Erth      44%        N/A       3%          4
f - Blink                 Tloc           66%        N/A       1%          2
g - Call Imp              Summ           48%        N/A       2%          2
h - Call Canine Familiar  Summ           24%        N/A       5%          3

Your spell library contained the following spells:

 Spells                   Type           Power      Damage    Failure   Level
 Kiss of Death            Conj/Necr      100%       2d13      1%          1
 Magic Dart               Conj           100%       1d8       1%          1
 Shock                    Conj/Air       100%       1d9       1%          1
 Summon Ice Beast         Ice/Summ       20%        N/A       8%          3
 Confusing Touch          Hex            17%        N/A       10%         3
 Inner Flame              Hex/Fire       17%        N/A       10%         3
 Sigil of Binding         Hex            17%        N/A       10%         3
 Swiftness                Air            17%        N/A       10%         3
 Dimensional Bullseye     Hex/Tloc       12%        N/A       17%         4
 Irradiate                Conj/Alch      17%        3d17      21%         5
 Airstrike                Air            8%         2d(2-18)  32%         4
 Dispel Undead            Necr           17%        3d10      32%         4
 Summon Mana Viper        Hex/Summ       20%        N/A       56%         5
 Monstrous Menagerie      Summ           12%        N/A       100%        7
 Ignition                 Fire           8%         3d5       100%        8


Dungeon Overview and Level Annotations

Branches:
Dungeon (8/15) Zot: 24616  Temple (1/1) D:7 Zot: 5998   Sewer (visited)
   Lair: D:8-11

Altars:
Ashenzari
Cheibriados
Elyvilon
Gozag
Hepliaklqana
Kikubaaqudgha
Makhleb
Nemelex Xobeh
Okawaru
Qazlal
Ru
Sif Muna
Trog
Uskayaw
Vehumet
Wu Jian
Xom
Zin
The Shining One

Annotations:
D:5 3 runed translucent doors, Doomgape's ghost, novice GrFi
D:8 exclusion: tengu conjurer


Message History

The centaur warrior hits your cerulean imp with a +0 war axe!!
Your cerulean imp dies!
Your cerulean imp disappears in a puff of smoke!
You swap places.
The manticore flicks its tail.
The volley of spikes skewers your inugami!
Your inugami hits the manticore.
Unknown command.
Casting: Call Canine Familiar (dangerous; 5% risk of failure)
Confirm with . or Enter, or press ? or * to list all spells.
A tiny devil pulls itself out of the air.
The manticore bites your inugami!!
Your inugami dies!
Your inugami disappears in a puff of smoke!
You swap places.
The manticore flicks its tail.
The volley of spikes skewers your cerulean imp!
Your cerulean imp barely misses the manticore.
Casting: Call Imp (safe; 2% risk of failure)
Confirm with . or Enter, or press ? or * to list all spells.
Okay, then.
The manticore flicks its tail.
The volley of spikes skewers your cerulean imp!
Your cerulean imp dies!
Your cerulean imp disappears in a puff of smoke!
The centaur warrior unwields a +0 war axe.
The centaur warrior wields a +0 shortbow.
The centaur warrior shoots an arrow.
The arrow hits you!
* * * LOW HITPOINT WARNING * * *
The manticore flicks its tail.
The volley of spikes skewers you!
The barbed spikes become lodged in your body.
* * * LOW HITPOINT WARNING * * *
There is an escape hatch in the ceiling, spattered with blood here.
Okay, then.
Okay, then.
Okay, then.
You feel better.
The centaur warrior shoots an arrow.
The arrow hits you!
You die...
Your body crumbles into a pile of gold.

#.# #....#.##### #.#
#......# #.# #......#
#.# ##+###.# #.# #.....#
##.#######.##..#
#...........#..#
##########.....#
#.....[.[[..@.#
#.##########..# #.#
#........###############
#.#
#.######..).............
#.#
#.#.....#..........##.#.
#.#
#.#.....#..H###.#.......
#.# #.#.....###.#
#.#.###... #.# #.#.....#
#c# #.#.# #... #.#
#.'.....# #.# #.#.# #...


You could see a centaur warrior and a manticore.

Vanquished Creatures
  A centaur warrior (D:8)
  3 two-headed ogres (D:8)
  A skeletal warrior (D:8)
  Joseph (D:7)
  Sigmund (D:2)
  3 yaks (D:8)
  3 ice beasts
  A black bear (D:8)
  An orc warrior (D:8)
  A sky beast (D:5)
  5 ogres
  3 centaurs (D:7)
  A phantom (D:4)
  3 bullfrogs
  A brain worm (Sewer)
  3 scorpions
  2 wights
  A killer bee (D:8)
  A quasit (D:5)
  7 orc priests
  2 bombardier beetles
  2 hounds
  2 jellies
  2 gnoll boudas
  9 iguanas
  8 orc wizards
  9 gnolls
  10 adders
  2 river rats (Sewer)
  3 shadow imps
  7 white imps
  2 ufetubi (D:5)
  2 dart slugs (Sewer)
  2 ribbon worms
  33 orcs
  9 bats
  2 endoplasms
  7 giant cockroaches
  6 hobgoblins
  7 jackals
  4 quokkas
  11 ball pythons
  9 frilled lizards
  10 goblins
  10 kobolds
  4 rats
217 creatures vanquished.

Vanquished Creatures (collateral kills)
  4 boulders
4 creatures vanquished.

Vanquished Creatures (others)
  A bombardier beetle (D:5)
  20 boulders
21 creatures vanquished.

Grand Total: 242 creatures vanquished

Notes
Turn   | Place    | Note
-------+----------+-------------------------------------------
     0 | D:1      | CrazyMind the Deep Elf Earth Elementalist began the quest
                  | for the Orb.
     0 | D:1      | Reached XP level 1. HP: 10/10 MP: 6/6
   186 | D:1      | Reached XP level 2. HP: 15/15 MP: 1/8
  1092 | D:2      | Reached XP level 3. HP: 19/19 MP: 8/10
  1096 | D:2      | Learned a level 3 spell: Passwall
  1100 | D:2      | Learned a level 3 spell: Stone Arrow
  1373 | D:2      | Noticed Sigmund
  1571 | D:3      | Reached skill level 4 in Spellcasting
  1805 | D:2      | Reached XP level 4. HP: 24/24 MP: 8/12
  1812 | D:2      | Learned a level 4 spell: Brom's Barrelling Boulder
  2053 | D:2      | Killed Sigmund
  2054 | D:2      | Reached skill level 5 in Spellcasting
  2054 | D:2      | Reached skill level 5 in Earth Magic
  2054 | D:2      | Reached XP level 5. HP: 28/28 MP: 9/15
  2100 | D:2      | Learned a level 4 spell: Petrify
  2794 | D:4      | Found a glowing drain.
  2835 | Sewer    | Entered a sewer
  2904 | Sewer    | Reached skill level 6 in Spellcasting
  2904 | Sewer    | Reached XP level 6. HP: 32/32 MP: 15/17
  4011 | D:4      | Reached skill level 1 in Short Blades
  4011 | D:4      | Reached XP level 7. HP: 36/36 MP: 17/19
  4072 | D:4      | Reached skill level 7 in Spellcasting
  4448 | D:5      | Entered Level 5 of the Dungeon
  4477 | D:5      | Learned a level 2 spell: Blink
  4626 | D:5      | Found an opulent altar of Gozag.
  4628 | D:5      | Found a runed translucent gate.
  4628 | D:5      | Found a runed translucent gate.
  4628 | D:5      | Found a runed translucent gate.
  4629 | D:5      | Noticed Doomgape's ghost (novice GrFi)
  4629 | D:5      | Noticed a hornet
  5217 | D:5      | Reached skill level 1 in Translocations
  5387 | D:5      | Identified the +4 dagger "Woxiqy" {venom, rC- rN++}
  5422 | D:5      | Reached skill level 8 in Spellcasting
  5422 | D:5      | Reached XP level 8. HP: 41/41 MP: 13/22
  5657 | D:5      | Reached skill level 9 in Spellcasting
  6392 | D:6      | Reached skill level 10 in Spellcasting
  6592 | D:6      | Reached XP level 9. HP: 27/45 MP: 17/25
  6718 | D:6      | Found a burning altar of Makhleb.
  6858 | D:6      | Found an opulent altar of Gozag.
  6870 | D:6      | Reached skill level 5 in Conjurations
  6875 | D:6      | Became a worshipper of Gozag Ym Sagoz the Greedy
  6928 | D:6      | Found a white marble altar of Elyvilon.
  6969 | D:6      | Found a sacrificial altar of Ru.
  7587 | D:7      | Noticed Joseph
  8024 | D:7      | Reached skill level 11 in Spellcasting
  8194 | D:7      | Found a staircase to the Ecumenical Temple.
  8200 | Temple   | Entered the Ecumenical Temple
  8478 | D:8      | Noticed a two-headed ogre
  8484 | D:8      | Killed a two-headed ogre
  8542 | D:8      | Found a hide-covered altar of Uskayaw.
  8547 | D:8      | Noticed a +0 hand axe
  8547 | D:8      | Noticed a +0 dagger
  8900 | D:8      | Noticed a tengu conjurer
  9019 | D:8      | Reached skill level 12 in Spellcasting
  9019 | D:8      | Reached XP level 10. HP: 50/50 MP: 9/28
  9320 | D:8      | Noticed a two-headed ogre
  9368 | D:8      | Killed a two-headed ogre
  9369 | D:8      | Reached skill level 5 in Stealth
  9369 | D:8      | Reached skill level 10 in Earth Magic
  9613 | D:8      | Found a broken altar of Ashenzari.
  9756 | D:8      | Noticed a skeletal warrior
 10009 | D:8      | Noticed a gargoyle
 10012 | D:8      | Noticed a two-headed ogre
 10021 | D:8      | Noticed a centaur warrior
 10035 | D:8      | Killed a two-headed ogre
 10045 | D:8      | Killed a centaur warrior
 10045 | D:8      | HP: 2/50 [gargoyle/stone arrow (20)]
 10046 | D:8      | Reached skill level 13 in Spellcasting
 10209 | D:7      | Killed Joseph
 10443 | D:8      | Noticed a centaur warrior
 10446 | D:8      | Noticed a manticore
 10446 | D:8      | Noticed a centaur warrior
 10717 | D:7      | Learned a level 2 spell: Call Imp
 10721 | D:7      | Learned a level 3 spell: Call Canine Familiar
 10755 | D:8      | Killed a skeletal warrior
 10756 | D:8      | Reached skill level 1 in Shields
 10756 | D:8      | Reached skill level 1 in Summonings
 10854 | D:8      | Shot with an arrow by a centaur warrior

Illustrated notes

Levels and vault maps discovered:
D:1:      dpeg_arrival_three_bigger_balls, layout_basic
D:2:      layout_basic, chequers_big_river, grunt_ministairs_11,
          chequers_garden, chequers_jeans, uniq_sigmund
D:3:      layout_loops_ring
D:4:      layout_loops_cross, serial_rivers, chequers_serial_rivers_micro_b,
          chequers_serial_rivers_small_a, chequers_serial_rivers_small_b,
          chequers_serial_rivers_room_b, chequers_serial_rivers_small_a,
          cheibrodos_sewer_entry_drain, grunt_ministairs_3
D:5:      kennysheep_windowed_halls, layout_basic, serial_demonic,
          serial_demonic_f, serial_demonic_f, serial_demonic_f,
          serial_demonic_g, ebering_ghost_gozag
D:6:      layout_rooms, nicolae_overflow_quartered_altars
D:7:      layout_basic, minmay_temple_entry_enclosed_plants,
          minmay_misc_feat_cross, serial_bayou_pond_c, uniq_joseph
D:8:      hangedman_cross_veins, layout_basic, dancing_weapons_uskayaw,
          lemuel_round_altar, minmay_misc_feat_doors, minmay_the_grid_2x2
          [minmay_the_grid_paths, minmay_the_grid_spin_star,
          minmay_the_grid_spikes, minmay_the_grid_prize_trominoes]
Temple:   oiseaux_autumnal_temple

Skill      XL: |  1  2  3  4  5  6  7  8  9 10 |
---------------+-------------------------------+-----
Earth Magic    | 4 5 6 7 9 10 | 10.9
Spellcasting   | 4 5 6 8 10 12 13 | 13.6
Conjurations   | 2 3 4 6 7 |  7.3
Stealth        | 3 4 5 |  5.2
Short Blades   | 1 |  1.1
Translocations | 1 3 |  3.2
Dodging        | 3 |  3.1
Shields        | 1 |  1.0
Summonings     | 1 |  1.5
Fighting       | |  0.2
Throwing       | |  0.5
Evocations     | |  0.4

Action                     |  1- 3 |  4- 6 |  7- 9 | 10-12 || total
---------------------------+-------+-------+-------+-------++-------
  Melee: Dagger            |     4 |     8 |     8 |     2 ||    22
         Short sword       |       |     2 |     1 |       ||     3
  Throw: Boomerang         |       |       |     2 |       ||     2
   Cast: Sandblast         |    63 |    65 |    72 |     2 ||   202
         Stone Arrow       |       |     3 |    67 |    28 ||    98
         Brom's Barrelling |       |       |    19 |    19 ||    38
         Passwall          |       |       |     4 |       ||     4
         Blink             |       |       |     2 |     1 ||     3
         Call Imp          |       |       |       |     3 ||     3
         Call Canine Famil |       |       |       |     2 ||     2
 Invoke: Potion Petition   |       |       |       |     1 ||     1
  Evoke: Wand              |       |       |       |     5 ||     5
    Use: Potion            |     1 |       |     1 |     4 ||     6
         Scroll            |       |     1 |     9 |     1 ||    11
   Stab: Sleeping          |     3 |     9 |     8 |       ||    20
         Distracted        |       |       |       |     2 ||     2
 Armour: Robe              |    21 |     7 |    23 |    45 ||    96
  Dodge: Dodged            |    30 |    16 |    16 |    13 ||    75
  Block: Other             |       |       |     7 |     6 ||    13
         Reflection        |       |       |     1 |     3 ||     4
